 Dungeon Crawl Stone Soup version 0.31.0-32-g396128a36d (webtiles) character file.

Game seed: 17481506345810369710

118 bearlyready the Chopper (level 5, -1/45 HPs)
             Began as a Hill Orc Berserker on Apr 5, 2024.
             Was a Believer of Trog.
             Splashed by a jelly's acid (8 damage)
             ... on level 3 of the Dungeon.
             The game lasted 00:03:23 (2884 turns).

bearlyready the Chopper (Hill Orc Berserker)        Turns: 2884, Time: 00:03:23

Health: -1/45      AC: -11   Str: 22    XL:     5   Next: 2%
Magic:  5/5        EV: 11    Int:  7    God:    Trog [**....]
Gold:   190        SH:  0    Dex: 10    Spells: 4/4 levels left

rFire   + . .        a - +0 hand axe
rCold   + . .        (no shield)
rNeg    . . .        q - +0 leather armour
rPois   .            (no helmet)
rElec   .            (no cloak)
rCorr   .            m - +0 pair of gloves
SInv    .            (no boots)
Will    +....        (no amulet) Stlth
                     c - ring of protection from cold
HPRegen 0.27/turn    t - ring of protection from fire
MPRegen 0.09/turn

%: no passive effects
@: confused, brilliant, corroded, enlightened, flying, hasted, very quick
A: no striking features
a: Renounce Religion, Berserk, Trog's Hand


You were on level 3 of the Dungeon.
You worshipped Trog.
Trog was pleased with you.
You visited 1 branch of the dungeon, and saw 4 of its levels.

You collected 190 gold pieces.

Inventory:

Hand Weapons
 a - a +0 hand axe (weapon)
 k - the +3 dagger of Intimidation {vamp, Int+2 Dex+5 Stlth+}
   (You found it on level 2 of the Dungeon)

   Int+2:     It affects your intelligence (+2).
   Dex+5:     It affects your dexterity (+5).
   Stlth+:    It makes you more stealthy.
Missiles
 n - 9 poisoned darts (quivered)
Armour
 b - a +0 animal skin
 m - a +0 pair of gloves (worn)
 q - a +0 leather armour (worn)
Jewellery
 c - a ring of protection from cold (left hand)
 t - a ring of protection from fire (right hand)
Scrolls
 e - a scroll of noise {unknown}
 g - 2 scrolls of poison {unknown}
 i - 2 scrolls of identify {unknown}
 j - 3 scrolls of blinking {unknown}
 p - a scroll of teleportation {unknown}
 r - a scroll of immolation {unknown}
Potions
 f - a potion of haste
 h - a potion of brilliance
 l - a potion of enlightenment
 s - a potion of attraction {unknown}


   Skills:
 - Level 3.6 Fighting
 + Level 7.3 Axes
 - Level 2.1 Armour
 - Level 1.5 Dodging


You had 4 spell levels left.
You didn't know any spells.
Your spell library was empty.

Dungeon Overview and Level Annotations

Branches:
Dungeon (4/15)
 Temple: D:4-7

Altars:
Wu Jian


Message History

You are splashed with acid!
* * * LOW HITPOINT WARNING * * *
Okay, then.
It was a potion of ambrosia.
You are more confused.
You feel invigorated.
An orc wizard appears from thin air!
Reactivating autopickup.
The jelly closely misses you.
You bump into the rock wall.
The orc wizard gestures wildly while chanting.
The orc wizard flickers and vanishes!
Deactivating autopickup; reactivate with Ctrl-A.
The jelly hits you.
You are splashed with acid.
You bump into the rock wall.
You feel yourself speed up. The jelly hits you. The acid corrodes you!
You are splashed with acid!
* * * LOW HITPOINT WARNING * * *
You bump into the rock wall.
You're too confused to move!
The jelly closely misses you.
You bump into the rock wall.
The jelly hits you.
You are splashed with acid!
* * * LOW HITPOINT WARNING * * *
You barely miss the jelly.
The jelly is moderately wounded.
Okay, then.
You bump into the rock wall.
The jelly hits you. The acid corrodes you!
You are splashed with acid.
* * * LOW HITPOINT WARNING * * *
The jelly hits you. The acid corrodes you!
You are splashed with acid!
* * * LOW HITPOINT WARNING * * *
You bump into the rock wall.
You bump into the rock wall.
You recover from your berserk rage.
The jelly hits you.
* * * LOW HITPOINT WARNING * * *
You are splashed with acid!
* * * LOW HITPOINT WARNING * * *
You're too confused to move!
You feel less invigorated. The jelly hits you.
* * * LOW HITPOINT WARNING * * *
You are splashed with acid!
You die...

############ #########
.....#.....# #.......#
####.#.###.# #.#####.# #.#.#
#.# #.# #.# ####.#.###.#
#####.#####.# #..........##
#@J......##.#
.<...#.##...####.###>##.##.#
#.####...........# #.......#
#.#######...###### ####)####
......# ##.## #...# #.###.#
#.# #.### #.# #.# #.# #.#
#.# #.# ##+## #.# ..#
#.###...## #.#


You could see a jelly.

Vanquished Creatures
  An orc priest (D:4)
  2 adders
  5 orcs
  4 endoplasms
  8 giant cockroaches
  3 goblins
  6 hobgoblins
  8 kobolds
  3 quokkas
  3 ball pythons
  6 bats
  5 frilled lizards
  5 rats
59 creatures vanquished.

Notes
Turn   | Place    | Note
-------+----------+-------------------------------------------
     0 | D:1      | bearlyready the Hill Orc Berserker began the quest for the
                  | Orb.
     0 | D:1      | Reached XP level 1. HP: 19/19 MP: 1/1
   233 | D:1      | Reached XP level 2. HP: 25/26 MP: 2/2
   284 | D:1      | Reached skill level 5 in Axes
   371 | D:1      | Reached ** piety under Trog
   518 | D:1      | Reached XP level 3. HP: 30/31 MP: 3/3
   991 | D:2      | Identified the +3 dagger of Intimidation {vamp, Int+2 Dex+5
                  | Stlth+}
  1355 | D:2      | Reached skill level 6 in Axes
  1389 | D:2      | Found an ornate altar of the Wu Jian Council.
  2106 | D:3      | Reached XP level 4. HP: 39/39 MP: 4/4
  2845 | D:4      | Noticed an ogre
  2852 | D:4      | Reached skill level 7 in Axes
  2852 | D:4      | Reached XP level 5. HP: 39/45 MP: 5/5
  2884 | D:3      | Splashed by a jelly's acid

Illustrated notes

Levels and vault maps discovered:
D:1:      amcnicky_arrival_wind_blow, layout_basic
D:2:      layout_loops_corners, basic_altar
D:3:      layout_loops_corners, wander_ebering_terrifying_dragon_lair
D:4:      minmay_angry_zag, layout_basic, mainiacjoe_overflow_surrounded_room

Skill      XL: |  1  2  3  4 |
---------------+-------------+-----
Axes           | 5 6 7 |  7.3
Fighting       | |  3.6
Armour         | |  2.1
Dodging        | |  1.5

Action                     |  1- 3 |  4- 6 || total
---------------------------+-------+-------++-------
  Melee: Hand axe          |   124 |    44 ||   168
         Punch             |     2 |       ||     2
 Invoke: Berserk           |     1 |     2 ||     3
    Use: Potion            |       |     8 ||     8
   Stab: Sleeping          |     1 |       ||     1
 Armour: Animal skin       |    49 |       ||    49
         Leather armour    |    14 |    51 ||    65
  Dodge: Dodged            |    66 |    33 ||    99
